Map: Proxima Station LE

Players

FoolOfaTook

  • Race: Zerg Zerg
  • Spawn Location: 7:00

Raze - Winner!

  • Race: Terran Terran
  • Spawn Location: 1:00

Event: WCS Austin 2017

VOD

Have the link to the VOD?

Description

Time

  • Played on: April 28, 2017, 2:49 p.m.
  • Length: 16:39

All games in this series

Show
View Real Time Build Order
Export as new Build Order

FoolOfaTook Zerg 

Build Orders: Hatch First 

Get SALT Encoding   

  12  0:01  Drone  
  13  0:13  Overlord  
  13  0:17  Drone  
  14  0:31  Drone  
  14  0:32  Drone  
  16  0:36  Drone  
  17  0:46  Drone  
  18  0:57  Hatchery  
  18  0:58  Drone  
  18  1:00  Extractor  
  17  1:13  Spawning Pool  
  17  1:16  Drone  
  17  1:19  Drone  
  18  1:29  Drone  
  19  1:41  Overlord  
  19  1:51  Drone  
  20  2:00  Metabolic Boost  
  20  2:01  Queen  
  20  2:03  Drone  
  23  2:09  Drone  
  23  2:11  Queen  
  23  2:13  Drone  
  27  2:20  Overlord  
  27  2:23  Drone  
  28  2:40  Drone x2  
  28  2:41  Drone  
  31  2:47  Drone, Hatchery  
  31  2:53  Queen  
  33  2:58  Overlord  
  33  3:01  Zergling x2  
  33  3:05  Zergling x2  
  35  3:07  Zergling x2  
  36  3:21  Drone x2  
  36  3:22  Drone x3  
  36  3:23  Drone  
  36  3:24  Pneumatized Carapace  
  36  3:26  Overlord  
  42  3:29  Drone  
  42  3:31  Drone  
  44  3:44  Queen  
  44  3:47  Drone x2  
  47  3:52  Drone  
  47  3:53  Drone x2  
  50  3:56  Drone x2  
  50  3:57  Evolution Chamber x2  
  50  4:00  Drone  
  50  4:02  Drone  
  52  4:05  Drone x2  
  52  4:07  Drone  
  52  4:08  Baneling Nest  
  54  4:10  Extractor  
  54  4:11  Drone  
  54  4:12  Extractor  
  54  4:13  Drone  
  54  4:18  Queen  
  56  4:25  Zerg Ground Armor Level 1  
  56  4:26  Overlord  
  55  4:33  Zergling x2  
  55  4:34  Zergling x4  
  56  4:52  Zergling x18  
  65  5:04  Drone x4  
  65  5:05  Spore Crawler  
  65  5:06  Zerg Melee Weapons Level 1  
  65  5:07  Drone  
  66  5:21  Overlord  
  66  5:26  Overlord  
  66  5:28  Lair  
  62  5:37  Drone  
  62  5:38  Drone x2  
  63  5:43  Zergling x2  
  63  5:44  Zergling x22  
  63  5:49  Extractor  
  70  5:56  Zergling x8  
  74  6:08  Zergling x2  
  74  6:09  Zergling x12  
  79  6:21  Baneling x5  
  79  6:22  Baneling x7  
  79  6:27  Zergling x4  
  79  6:28  Zerg Ground Armor Level 2  
  79  6:31  Centrifical Hooks  
  80  6:46  Zergling x2  
  71  6:47  Zergling x14  
  69  6:55  Zergling x8  
  67  7:03  Zergling x4  
  67  7:06  Zergling x2  
  67  7:07  Zergling x2  
  66  7:08  Overseer x2  
  65  7:17  Zergling x4  
  64  7:28  Zergling x2  
  63  7:32  Zergling x2  
  62  7:37  Zergling x4  
  62  7:38  Zergling x2  
  62  7:39  Zergling x2  
  62  7:43  Zergling x2  
  55  7:53  Zergling x4  
  52  7:59  Zergling x2  
  52  8:03  Hatchery  
  51  8:06  Zergling x2  
  51  8:10  Zergling x2  
  49  8:21  Zergling x2  
  49  8:23  Zergling x4  
  46  8:27  Drone  
  46  8:28  Drone x2  
  46  8:32  Zerg Melee Weapons Level 2  
  48  8:37  Drone  
  48  8:40  Drone  
  50  8:45  Drone  
  50  8:47  Drone x3  
  54  8:52  Spire  
  53  8:56  Drone x3  
  57  9:02  Drone  
  54  9:34  Zergling x20  
  54  9:36  Queen  
  66  9:40  Queen  
  66  9:42  Queen  
  69  10:08  Mutalisk  
  69  10:09  Mutalisk x5  
  79  10:24  Mutalisk  
  79  10:26  Overlord  
  81  10:28  Overlord  
  81  10:29  Overlord  
  77  10:42  Mutalisk x2  
  80  10:52  Mutalisk x2  
  80  10:53  Mutalisk x2  
  87  10:57  Zerg Flyer Weapons Level 1  
  87  10:58  Overlord  
  87  11:11  Drone x2  
  87  11:12  Drone x2  
  91  11:18  Mutalisk x2  
  91  11:19  Mutalisk x2  
  99  11:25  Hatchery  
  99  11:29  Zergling x2  
  99  11:30  Zergling x16  
  106  11:47  Baneling  
  106  11:48  Baneling x13  
  106  11:49  Zergling x2  
  106  11:50  Zergling x8  
  109  12:01  Zergling x2  
  109  12:02  Zergling x6  
  113  12:10  Baneling x6  
  113  12:11  Overlord  
  113  12:12  Overlord x2  
  108  12:27  Drone x5  
  111  12:37  Drone  
  111  12:38  Drone x9, Queen  
  123  12:44  Extractor  
  123  12:45  Extractor  
  123  12:48  Mutalisk, Burrow  
  123  12:49  Mutalisk  
  125  12:58  Mutalisk x3  
  131  13:13  Mutalisk x4  
  131  13:18  Overseer  
  139  13:21  Drone  
  136  13:32  Mutalisk  
  136  13:33  Mutalisk  
  140  13:36  Overlord  
  140  13:37  Overlord x2  
  140  13:38  Drone x2  
  140  13:40  Extractor  
  140  13:41  Extractor  
  140  13:44  Overlord x2  
  140  13:45  Zergling x6  
  143  13:51  Baneling  
  143  13:52  Baneling x8  
  143  13:54  Overlord x2  
  143  13:55  Overlord x2  
  141  13:57  Zergling x4  
  143  14:04  Zergling x2  
  143  14:05  Zergling x8  
  146  14:10  Zerg Flyer Weapons Level 2  
  126  14:28  Zergling x2  
  126  14:29  Zergling x32  
  129  14:33  Zergling x6  
  128  14:40  Zergling x6  
  117  14:50  Baneling x10  
  117  14:51  Baneling x7  
  115  15:10  Hatchery  
  114  15:17  Mutalisk x3  
  114  15:18  Mutalisk x3  
  127  15:31  Zergling x2  
  127  15:32  Zergling x14  
  127  15:33  Baneling  
  127  15:34  Baneling x5  
  127  16:01  Zergling x2  
  127  16:02  Zergling x12  
  98  16:06  Zergling x4  
  97  16:12  Zergling x2  
  97  16:13  Zergling x10  
  97  16:17  Zergling x4  
Show
View Real Time Build Order
Export as new Build Order

Raze Terran - Winner!

Build Orders: MMM Bio 

Get SALT Encoding   

  12  0:00  SCV  
  13  0:12  SCV  
  14  0:18  Supply Depot  
  14  0:24  SCV  
  15  0:29  Refinery  
  15  0:39  SCV  
  16  0:45  Barracks  
  16  0:51  SCV  
  17  1:03  SCV  
  18  1:16  SCV  
  19  1:31  Marine, Orbital Command  
  20  1:42  Command Center  
  20  1:49  Marine  
  21  1:57  Factory  
  21  2:01  SCV  
  22  2:12  Supply Depot  
  22  2:18  SCV  
  22  2:21  Refinery  
  23  2:27  Barracks Reactor  
  23  2:33  SCV  
  24  2:41  Widow Mine  
  24  2:43  Starport  
  26  2:45  SCV  
  27  2:54  Orbital Command  
  27  2:57  SCV  
  28  3:03  Marine x2  
  30  3:10  SCV  
  30  3:11  Factory Tech Lab  
  31  3:19  SCV  
  32  3:20  Medivac  
  32  3:21  Marine x2  
  32  3:22  SCV  
  37  3:29  Siege Tank  
  37  3:31  SCV  
  37  3:33  Supply Depot  
  41  3:35  SCV  
  41  3:38  Marine  
  41  3:39  Marine  
  44  3:43  SCV  
  44  3:47  SCV  
  46  3:55  SCV  
  46  3:56  Marine x2  
  46  4:01  Supply Depot, Siege Tank  
  54  4:11  Medivac  
  54  4:17  Supply Depot  
  54  4:22  Marine x2, SCV x2  
  58  4:34  SCV  
  58  4:38  SCV  
  60  4:41  Command Center  
  60  4:47  SCV  
  60  4:49  Marine  
  60  4:50  Marine  
  60  4:51  SCV  
  64  4:54  Supply Depot, Refinery  
  64  4:55  Refinery  
  64  4:59  SCV  
  65  5:05  Banshee  
  65  5:06  Cloaking Field  
  68  5:08  Factory Tech Lab  
  68  5:10  SCV  
  68  5:11  SCV  
  70  5:18  Barracks, Barracks Tech Lab  
  70  5:21  Barracks  
  70  5:28  Engineering Bay x2, SCV  
  69  5:36  Marine  
  69  5:37  Stimpack  
  69  5:39  Siege Tank, SCV  
  69  5:40  SCV  
  75  5:53  Banshee  
  75  5:54  Barracks  
  75  5:55  Barracks  
  78  5:57  Orbital Command  
  78  6:09  Marine  
  78  6:10  Marine  
  80  6:11  Siege Tank  
  80  6:12  Terran Infantry Armor Level 1, Terran Infantry Weapons Level 1, SCV  
  84  6:19  Marine  
  84  6:20  SCV  
  86  6:27  Marine  
  86  6:28  Orbital Command  
  86  6:29  SCV  
  86  6:31  Marine  
  89  6:34  Supply Depot, SCV  
  89  6:39  Marine  
  91  6:44  Starport Reactor  
  89  6:48  SCV  
  89  6:53  SCV  
  77  7:00  Marine x4  
  71  7:01  SCV  
  55  7:18  Marine x4  
  48  7:36  Marine x4, SCV  
  41  7:45  SCV  
  41  7:48  SCV  
  32  7:54  Marine x4  
  32  7:56  SCV  
  33  8:00  SCV  
  31  8:11  SCV x2  
  31  8:12  Marine x4  
  35  8:19  SCV  
  36  8:23  SCV  
  36  8:26  SCV  
  36  8:29  Marine x4  
  40  8:46  SCV  
  40  8:47  Marine x4  
  40  8:48  SCV  
  46  8:53  SCV  
  47  8:58  SCV  
  47  9:00  SCV  
  47  9:02  Combat Shields  
  49  9:05  SCV  
  50  9:11  SCV  
  50  9:12  SCV  
  52  9:17  Armory  
  52  9:22  SCV  
  52  9:23  Marine x2  
  55  9:26  SCV  
  56  9:32  Marine x2  
  56  9:34  SCV  
  56  9:35  SCV  
  60  9:41  Supply Depot, Marine  
  60  9:43  SCV  
  62  9:51  Marine x3  
  65  9:54  SCV x2  
  65  9:55  SCV  
  65  9:59  Marine  
  69  10:02  Siege Tank  
  69  10:06  SCV  
  73  10:09  Marine x2  
  73  10:10  Terran Infantry Weapons Level 2, Refinery  
  73  10:24  Marine x2, SCV x2  
  74  10:31  Terran Infantry Armor Level 2  
  74  10:40  Marine x2  
  74  10:42  Marine x2  
  70  10:57  Missile Turret, Marine  
  70  10:58  Marine  
  70  11:00  Marine x2  
  70  11:02  Missile Turret  
  70  11:03  Starport Reactor  
  74  11:07  Missile Turret  
  74  11:08  SCV  
  75  11:15  Marine, SCV x2  
  75  11:16  Marine  
  75  11:17  Marine  
  75  11:18  Marine  
  78  11:22  SCV  
  79  11:27  SCV x2  
  81  11:33  Marine x2  
  81  11:34  SCV  
  81  11:35  Marine  
  81  11:38  Refinery  
  81  11:39  Supply Depot  
  85  11:40  Supply Depot  
  85  11:41  Supply Depot  
  85  11:51  Medivac x2, Marine x2, SCV x2  
  93  12:01  Thor, Marine x2, SCV  
  101  12:03  Supply Depot, SCV  
  101  12:04  SCV  
  101  12:05  Supply Depot  
  101  12:06  Supply Depot  
  104  12:09  Marine x2  
  104  12:13  SCV  
  107  12:17  SCV x2  
  107  12:18  Marine  
  107  12:19  Marine  
  111  12:25  SCV, Terran Vehicle Weapons Level 1  
  111  12:27  Marine x2  
  111  12:29  Medivac, SCV x2  
  118  12:33  Refinery  
  118  12:36  Marine  
  119  12:37  Marine, SCV  
  119  12:41  SCV x2  
  119  12:43  Supply Depot  
  123  12:44  Marine x2  
  123  12:45  Siege Tank  
  128  12:54  Marine  
  128  12:55  Marine  
  130  13:02  Marine x2  
  132  13:07  Terran Infantry Weapons Level 3, Barracks  
  132  13:08  Barracks x2  
  132  13:11  Missile Turret  
  132  13:12  Marine  
  133  13:13  Marine  
  133  13:16  Medivac  
  135  13:20  Marine x2  
  135  13:25  Barracks  
  135  13:27  Barracks  
  135  13:28  Barracks  
  135  13:30  Missile Turret, Marine x2  
  135  13:32  Missile Turret  
  137  13:34  Medivac  
  137  13:38  Marine x2, Siege Tank  
  144  13:42  Supply Depot  
  144  13:45  Supply Depot  
  144  13:48  Marine x2  
  146  13:56  Marine  
  147  14:03  Marine  
  147  14:05  Marine  
  147  14:06  Marine  
  150  14:13  Marine  
  140  14:17  Marine  
  140  14:18  Marine  
  140  14:21  Marine  
  140  14:23  Marine  
  132  14:24  Marine  
  132  14:27  Marine  
  123  14:31  Marine  
  123  14:35  Marine  
  123  14:36  Marine  
  118  14:39  Marine  
  118  14:41  Marine  
  118  14:42  Marine  
  118  14:45  Marine  
  116  14:49  Marine  
  116  14:51  Thor  
  122  14:53  Missile Turret, Marine x2  
  122  14:55  Missile Turret  
  122  14:56  Marine  
  122  14:59  Marine  
  126  15:04  Missile Turret, Marine x2  
  128  15:07  Marine  
  128  15:10  Medivac  
  128  15:12  Medivac  
  133  15:19  Marine x3  
  136  15:29  Marine  
  137  15:39  Medivac  
  137  15:41  Marine x3  
  137  15:42  Medivac, Marine x3  
  108  16:09  Marine x7  
  121  16:17  Supply Depot  
Tags
 
Add a new tag
Caveats
  • Supply blocks, unpowered buildings, or Contaminate may cause inaccurate times.
  • Supply counts are checked every 10 seconds.